 Dungeon Crawl Stone Soup version 0.16.0-17-g811c1d7 (webtiles) character file.

46 MDvedh the Covered (level 3, -9/26 HPs)
             Began as a Minotaur Summoner on Mar 22, 2015.
             Mangled by Sigmund
             ... wielding a +0 scythe
              (12 damage)
             ... on level 2 of the Dungeon.
             The game lasted 00:01:43 (776 turns).

MDvedh the Covered (Minotaur Summoner)               Turns: 776, Time: 00:01:43

Health: -9/26      AC:  5    Str: 13    XL:     3   Next: 44%
Magic:  3/3        EV:  9    Int: 17    God:
Gold:   28         SH:  0    Dex: 10    Spells: 1 memorised, 3 levels left

rFire  . . .     SeeInvis .     e - +0 dagger
rCold  . . .     Clarity  .     l - +0 ring mail
rNeg   . . .     SustAb   .     (no shield)
rPois  .         Gourm    .     (helmet restricted)
rElec  .         Spirit   .     (no cloak)
rCorr  .         Warding  .     (no gloves)
rMut   .         Stasis   .     (no boots)
MR     .....                    (no amulet)
Stlth  +.........               (no ring)
                                d - -2 ring of evasion (curse)

@: brilliant, not resistant to hostile enchantments, very unstealthy
A: retaliatory headbutt, horns 2
a: no special abilities


You were on level 2 of the Dungeon.
You were not hungry.

You visited 1 branch of the dungeon, and saw 2 of its levels.

You collected 28 gold pieces.

Inventory:

Hand weapons
 e - a +0 dagger (weapon)
Armour
 a - a +0 robe
 g - a +0 leather armour
 l - a +0 ring mail (worn)
Jewellery
 d - a cursed -2 ring of evasion (left hand)
Scrolls
 f - a scroll of identify {unknown}
 i - a scroll of amnesia {unknown}
 j - a scroll of noise {unknown}
 n - a scroll of remove curse {unknown}
 o - 2 scrolls of immolation {unknown}
Books
 b - a book of Callings

   Spells                             Type                      Level
   a - Summon Small Mammal            Summoning                    1
   b - Call Imp                       Summoning                    2
   c - Call Canine Familiar           Summoning                    3
   d - Summon Guardian Golem          Hexes/Summoning              4
   e - Summon Lightning Spire         Summoning/Air                4
   f - Summon Ice Beast               Ice/Summoning                4
Comestibles
 c - 2 bread rations


   Skills:
 + Level 3.8 Armour
 - Level 2.1 Dodging
 - Level 1.5 Stealth
 - Level 1.3 Spellcasting
 - Level 2.9 Summonings


You had 3 spell levels left.
You knew the following spells:

 Your Spells              Type           Power        Failure   Level  Hunger
a - Summon Small Mammal   Summ           ###.         1%          1    ##.....


Dungeon Overview and Level Annotations

Branches:
Dungeon (2/15)

Altars:
Gozag
Qazlal
Vehumet

Annotations:
D:2 exclusion: 4 doors, Sigmund


Innate Abilities, Weirdness & Mutations

You reflexively headbutt those who attack you in melee.
You have a pair of horns on your head.


Message History

You are confused.
Drink which item? (? for menu, Esc to quit)
You feel better. Sigmund hits you with a scythe!
You hit Sigmund but do no damage. You closely miss Sigmund.
Your headbutt misses Sigmund. Sigmund gestures at you while chanting.
The magic dart hits you!
* * * LOW HITPOINT WARNING * * *
You are too injured to fight recklessly!
You are too injured to fight recklessly!
Read which item? (? for menu, Esc to quit)
Okay, then.
Drink which item? (? for menu, Esc to quit)
It was a potion of cancellation.
You feel magically purged. Sigmund barely misses you. You furiously retaliate!
You headbutt Sigmund.
Drink which item? (? for menu, Esc to quit)
It was a potion of brilliance.
You feel clever all of a sudden. Sigmund hits you with a scythe!
You die...

###### #....# # #.##.#
######## ####.####.##.###
#... ..#
#....†(g@....#.####.## #.#
#.##.####@#.....##...###..
.. #................. #.#
#..............#.# #
##...#.####....#.#
#####.##(.###.#..
#.#_...##.#..
#+#....#..#.. #_P⌠.+.....
#...P###...


You could see Sigmund and a goblin.

Vanquished Creatures
  Jessica (D:2)
  An adder (D:2)
  2 giant geckos (D:1)
  A bat (D:1)
  3 giant cockroaches (D:1)
  4 jackals (D:1)
  4 goblins
  A kobold (D:1)
  4 rats
21 creatures vanquished.

Vanquished Creatures (others)
  4 toadstools (D:1)
4 creatures vanquished.

Grand Total: 25 creatures vanquished

Notes
Turn   | Place    | Note
--------------------------------------------------------------
     0 | D:1      | MDvedh, the Minotaur Summoner, began the quest for the Orb.
     0 | D:1      | Reached XP level 1. HP: 14/14 MP: 2/2
   100 | D:1      | Reached skill level 1 in Armour
   179 | D:1      | Reached XP level 2. HP: 20/20 MP: 2/2
   642 | D:2      | Noticed Sigmund
   664 | D:2      | Noticed Jessica
   667 | D:2      | Killed Jessica
   667 | D:2      | Reached skill level 3 in Armour
   667 | D:2      | Reached XP level 3. HP: 26/26 MP: 3/3
   726 | D:2      | Found a stormy altar of Qazlal.
   728 | D:2      | Found a radiant altar of Vehumet.
   729 | D:2      | Found an opulent altar of Gozag.
   776 | D:2      | Mangled by Sigmund

Action                   || total
-------------------------++-------
Melee: Dagger            ||    40
       Unarmed           ||     1
  Use: Potion            ||     5
